 Dungeon Crawl Stone Soup version 0.28-a0-21-gf74fda84f9 (webtiles) character file.

Game seed: 1187997942908097784

682 Spaninq the Ruffian (level 7, -8/63 HPs)
             Began as a Troll Chaos Knight on July 26, 2021.
             Was a Plaything of Xom.
             Mangled by an iguana (10 damage)
             ... on level 4 of the Dungeon.
             The game lasted 00:07:55 (2688 turns).

Spaninq the Ruffian (Troll Chaos Knight)            Turns: 2688, Time: 00:07:57

Health: -8/63      AC:  6    Str: 22      XL:     7   Next: 34%
Magic:  6/6        EV:  9    Int:  8      God:    Xom [....*.]
Gold:   127        SH:  0    Dex:  9 (10) Spells: 6/6 levels left

rFire   . . .      SeeInvis .     - Unarmed
rCold   . . .      Faith    .   (no shield)
rNeg    . . .      Spirit   .   a - +2 robe
rPois   .          Reflect  .   (helmet restricted)
rElec   .          Harm     .   (no cloak)
rCorr   .          Rampage  .   (gloves unavailable)
Will    .....                   (boots unavailable)
Stlth   +.........              (no amulet)
HPRegen 1.20/turn               (no ring)
MPRegen 0.10/turn               (no ring)

@: mighty, lethally poisoned (-8 -> -12), radiating poison, unable to read,
attractive
A: large, unfitting armour, claws 3, regeneration 1, shaggy fur 1, tough skin 1,
deterioration 1, frail 1, inability to read while threatened
a: Renounce Religion


You were on level 4 of the Dungeon.
You worshipped Xom.
You were a beloved toy of Xom.
You visited 1 branch of the dungeon, and saw 4 of its levels.
You also visited: Ossuary.

You collected 127 gold pieces.

Inventory:

Missiles
 b - 5 curare-tipped darts (quivered)
Armour
 a - a +2 robe (worn)
Jewellery
 i - a ring of fire
Scrolls
 c - 5 scrolls of identify {unknown}
 e - a scroll of teleportation {unknown}
 f - a scroll of immolation {unknown}
 k - 3 scrolls of torment {unknown}
 l - a scroll of holy word {unknown}
 r - a scroll of enchant armour {unknown}
Potions
 d - 2 potions of heal wounds {unknown}
 g - a potion of might
 h - a potion of magic {unknown}
 j - a potion of mutation {unknown}
 m - 2 potions of invisibility {unknown}
 n - a potion of brilliance {unknown}
 o - 2 potions of attraction
 p - 2 potions of flight {unknown}
 q - 2 potions of lignification {unknown}


   Skills:
 + Level 4.5 Fighting
 - Level 1.9 Dodging
 * Level 7.3 Unarmed Combat


You had 6 spell levels left.
You didn't know any spells.
Your spell library was empty.

Dungeon Overview and Level Annotations

Branches:
Dungeon (4/15)            Ossuary (visited)
 Temple: D:4-7

Altars:
Xom

Shops:
D:1 ?


Innate Abilities, Weirdness & Mutations

You are too large for most types of armour.
You have claws for hands.
Your natural rate of healing is unusually fast.
You are covered in fur. (AC +1)
You have tough skin. (AC +1)
Your body sometimes deteriorates upon taking damage.
You are frail. (-10% HP)
You sometimes lose the ability to read scrolls when taking damage.


Message History

A scorpion comes into view.
The iguana hisses angrily. "This might be better!"
The scorpion seems to speed up. "Serve the mortal, my child!"
You closely miss the scorpion. The scorpion barely misses you.
The scorpion closely misses you.
You scratch the scorpion.
The scorpion is lightly wounded.
The scorpion closely misses you. The scorpion stings you.
You are poisoned.
The scorpion poisons you!
You feel sick. Xom's power flows through you!
You begin to radiate toxic energy.
Your ufetubus is poisoned. x2
The scorpion is poisoned.
The iguana is poisoned.
You are now a beloved toy of Xom.
Your ufetubus disappears in a puff of smoke! x2
It was a potion of might.
You feel very mighty all of a sudden.
Xom thinks this is hilarious!
The scorpion looks even sicker.
You feel sick. The scorpion stings you.
The scorpion stings you but does no damage.
You closely miss the scorpion.
The scorpion is moderately wounded.
You can read scrolls again.
You feel sick. The scorpion stings you.
You feel threatened and lose the ability to read scrolls!
* * * LOW HITPOINT WARNING * * *
You are more poisoned.
The scorpion poisons you! The scorpion misses you. The iguana bites you!
* * * LOW HITPOINT WARNING * * *
It was a potion of attraction.
You feel attractive to monsters.
The scorpion looks even sicker.
* * * LOW HITPOINT WARNING * * *
You feel very sick. The scorpion barely misses you. The iguana bites you!
You die...

.......#..#...#
.......##..# .. .......
#..## #.# ....### ##..##
#.# #### ##..# #.##
##.#.## ##########...
##.....## #...........#
#......ls# #..........#
#.......@## #..........##
#.........######.<..##..#
#........(>##....######.#
##............##### #..
#...........### ##.
#..........## #.
#.........## ########
#........## ###.<.....
#........# #.........


You could see a scorpion (fast, very poisoned) and an iguana (poisoned).

Vanquished Creatures
  2 elf zombies (Ossuary)
  A centaur zombie (Ossuary)
  3 hounds (D:4)
  3 orc priests
  A jelly (D:3)
  2 human zombies (Ossuary)
  A mummy (Ossuary)
  10 adders
  A river rat (D:3)
  An adder zombie (Ossuary)
  3 adder skeletons (D:4)
  5 dart slugs
  7 orcs
  11 endoplasms
  9 giant cockroaches
  5 goblins
  5 hobgoblins
  7 jackals
  3 quokkas
  8 ball pythons
  8 bats
  2 frilled lizards
  4 goblin zombies
  6 hobgoblin zombies (Ossuary)
  3 jackal zombies (Ossuary)
  6 kobolds
  5 kobold zombies (Ossuary)
  13 orc zombies (Ossuary)
  4 rats
139 creatures vanquished.

Vanquished Creatures (collateral kills)
  A mummy (Ossuary)
  An orc zombie (Ossuary)
2 creatures vanquished.

Grand Total: 141 creatures vanquished

Notes
Turn   | Place    | Note
-------+----------+-------------------------------------------
     0 | D:1      | Spaninq the Troll Chaos Knight began the quest for the Orb.
     0 | D:1      | Reached XP level 1. HP: 22/22 MP: 0/0
    29 | D:1      | XOM: silly message
    38 | D:1      | XOM: silly message
    42 | D:1      | XOM: potion effect (invisibility)
    63 | D:1      | Reached XP level 2. HP: 22/29 MP: 1/1
    67 | D:1      | XOM: silly message
   237 | D:1      | Found Iticaotu's Magic Scroll Shop.
   263 | D:1      | Found a faded altar of an unknown god.
   325 | D:1      | Reached XP level 3. HP: 36/36 MP: 2/2
   448 | D:1      | Reached skill level 4 in Unarmed Combat
  1024 | D:2      | Reached XP level 4. HP: 45/45 MP: 3/3
  1114 | D:2      | XOM is BORED!
  1114 | D:2      | XOM: polymorph ball python -> bat
  1463 | D:2      | XOM: summons 1 hostile demon
  1511 | D:2      | XOM: scenery: create altars
  1557 | D:3      | Reached skill level 5 in Unarmed Combat
  1575 | D:3      | Reached XP level 5. HP: 36/53 MP: 4/4
  1667 | D:3      | XOM: polymorph orc -> rat
  1680 | D:3      | XOM: confusion
  1684 | D:3      | XOM: polymorph orc priest -> jelly
  1850 | D:3      | Noticed Jessica
  1864 | D:3      | Noticed Jessica
  1864 | D:3      | Jessica changed into Jessica the river rat
  1864 | D:3      | XOM: polymorph Jessica -> Jessica the river rat
  1867 | D:3      | Killed Jessica the river rat
  2174 | D:4      | Found a sand-covered staircase.
  2190 | Ossuary  | Entered an ossuary
  2249 | Ossuary  | Reached XP level 6. HP: 62/62 MP: 5/5
  2301 | Ossuary  | XOM: give mutations
  2301 | Ossuary  | Gained mutation: Your body sometimes deteriorates upon
                  | taking damage. [Xom's mischief]
  2301 | Ossuary  | Gained mutation: You sometimes lose the ability to read
                  | scrolls when taking damage. [Xom's mischief]
  2301 | Ossuary  | Gained mutation: You are frail. (-10% HP) [Xom's mischief]
  2334 | Ossuary  | Reached skill level 6 in Unarmed Combat
  2337 | Ossuary  | XOM: summons 6 friendly demons
  2549 | D:4      | Reached XP level 7. HP: 63/63 MP: 6/6
  2643 | D:4      | Reached skill level 7 in Unarmed Combat
  2655 | D:4      | XOM: summons friendly ufetubus
  2674 | D:4      | XOM: 6-stop teleportation journey
  2676 | D:4      | XOM: enchant monster (bad)
  2682 | D:4      | XOM: summons friendly ufetubus
  2685 | D:4      | XOM: cast spell 'Olgreb's Toxic Radiance'
  2688 | D:4      | HP: 2/63 [poisoned by a scorpion]
  2688 | D:4      | Mangled by an iguana

Illustrated notes

Levels and vault maps discovered:
D:1:      dpeg_arrival_arbitrary_b, layout_loops_ring,
          hellmonk_ecumenical_altar_crossroads, serial_shops, shop,
          dk_noncrumbling_2, minmay_pentomino_x4
D:2:      layout_loops_cross, minmay_misc_feat_five
D:3:      layout_basic, uniq_jessica
D:4:      minmay_bubble_buster, layout_cave_pods, enter_ossuary_4,
          minmay_misc_feat_encased, minmay_misc_feat_hallway

Skill      XL: |  1  2  3  4  5  6  7 |
---------------+----------------------+-----
Unarmed Combat | 4 5 6 7 |  7.3
Fighting       | 3 4 |  4.5
Dodging        | |  1.9

Action                   |  1- 3 |  4- 6 |  7- 9 || total
-------------------------+-------+-------+-------++-------
Melee: Unarmed           |   102 |   233 |    45 ||   380
       Punch             |     1 |     4 |     3 ||     8
  Use: Potion            |       |       |     2 ||     2
 Stab: Sleeping          |     3 |     2 |       ||     5
Armor: Robe              |    73 |    78 |    17 ||   168
Dodge: Dodged            |    65 |    87 |    31 ||   183

Table legend: (Time is in decaauts)
 A = Elapsed time spent in this place.
 B = Non-inter-level travel time spent in this place.
 C = Inter-level travel time spent in this place.
 D = Time resting spent in this place.
 E = Time spent auto-exploring this place.
 F = Levels seen in this place.
 G = Mean time per level.
                   A        B        C        D        E       F      G
               +--------+--------+--------+--------+--------+-----+--------+
         Total |   2650 |   2568 |     82 |      0 |   1743 |   5 |  530.0 |
       Dungeon |   2356 |   2274 |     82 |      0 |   1636 |   4 |  589.0 |
       Ossuary |    294 |    294 |      0 |      0 |    107 |   1 |  294.0 |
               +--------+--------+--------+--------+--------+-----+--------+

Top non-repeatable levels by time:
     D:1: 887 daAuts
     D:3: 623 daAuts
     D:2: 620 daAuts
 Ossuary: 294 daAuts
     D:4: 225 daAuts
